 Dungeon Crawl Stone Soup version 0.19.1 (webtiles) character file.

73 kae the Insei (level 4, -1/35 HPs)
             Began as a Demonspawn Monk on Dec 21, 2016.
             Slain by Scuka's ghost (5 damage)
             ... on level 3 of the Dungeon.
             The game lasted 00:03:16 (2971 turns).

kae the Insei (Demonspawn Monk)                     Turns: 2971, Time: 00:03:17

Health: -1/35      AC:  4    Str: 11    XL:     4   Next: 8%
Magic:  4/4        EV: 16    Int: 11    God:
Gold:   97         SH:  0    Dex: 17    Spells: 0 memorised, 3 levels left

rFire  . . .     SeeInvis .       - Unarmed
rCold  . . .     Gourm    .     o - +0 robe
rNeg   . . .     Faith    .     (no shield)
rPois  .         Spirit   .     (no helmet)
rElec  .         Reflect  .     e - +0 cloak
rCorr  .         Harm     .     f - +0 pair of gloves
MR     .....                    (no boots)
Stlth  +++.......               (no amulet)
                                (no ring)
                                (no ring)

@: no status effects
A: repulsion field 1, nightstalker 1
a: no special abilities


You were on level 3 of the Dungeon.
You were hungry.

You visited 1 branch of the dungeon, and saw 3 of its levels.

You collected 97 gold pieces.

Inventory:

Hand Weapons
 a - a -1 blowgun
Missiles
 p - 9 poisoned needles
Armour
 e - a +0 cloak (worn)
 f - a +0 pair of gloves (worn)
 o - a +0 robe (worn)
Scrolls
 h - 4 scrolls of remove curse
 i - a scroll of teleportation
Potions
 j - 2 potions of might {unknown}
 k - a potion of agility
 n - 2 potions of lignification {unknown}
Comestibles
 b - 4 bread rations
 d - 2 meat rations
 g - a slice of pizza


   Skills:
 + Level 3.5 Fighting
 + Level 3.3 Dodging
 - Level 1.7 Stealth
 * Level 3.6 Unarmed Combat


You had 3 spell levels left.
You didn't know any spells.

Dungeon Overview and Level Annotations

Branches:
Dungeon (3/15)

Altars:
Cheibriados
Hepliaklqana
Trog
Yredelemnul

Annotations:
D:3 Scuka's ghost, amateur CeHu


Innate Abilities, Weirdness & Mutations

You are surrounded by a mild repulsion field. (EV +2)
You are slightly more attuned to the shadows.


Message History

No target in view!
No target in view!
No target in view!
No target in view!
Scuka's ghost is nearby!
Scuka's ghost is nearby!
Scuka's ghost is nearby!
Scuka's ghost turns its malevolent gaze towards you.
Scuka's ghost hits you! Scuka's ghost hits you. Scuka's ghost hits you!
* * * LOW HITPOINT WARNING * * *
Scuka's ghost misses you.
There is a stone staircase leading up here.
Scuka's ghost hits you!
* * * LOW HITPOINT WARNING * * *
There is a shaft, spattered with blood here.
The shaft crumbles and collapses.
Scuka's ghost hits you.
You die...

##.#.........# #.#
##......###### #.#
######..# #.# # #..#
#.# ######..########.#
##...............#
##.###..########.#
##.# #..# #.# .#.#
#..# #@# .#(# #.## #W#
.#.# #.# #.#
.#.###.#########.#####
..............<......#
.#.###.#####..########
.#.###.## #..#
.#......# #..#
.#..##..####..######


You could see Scuka's ghost.

Vanquished Creatures
  An ooze (D:3)
  5 worms
  A leopard gecko (D:2)
  An orc (D:3)
  2 ball pythons
  2 giant cockroaches
  6 goblins
  7 hobgoblins
  9 kobolds
  A quokka (D:3)
  7 bats
  2 frilled lizards
  8 rats
52 creatures vanquished.

Notes
Turn   | Place    | Note
-------+----------+-------------------------------------------
     0 | D:1      | kae the Demonspawn Monk began the quest for the Orb.
     0 | D:1      | Reached XP level 1. HP: 18/18 MP: 1/1
   294 | D:2      | Gained mutation: You are slightly more attuned to the shadows. [demonic ancestry]
   294 | D:2      | Reached XP level 2. HP: 20/24 MP: 2/2
  1084 | D:2      | Found a bloodstained altar of Trog.
  1201 | D:2      | Reached XP level 3. HP: 27/29 MP: 3/3
  1214 | D:2      | Found a snail-covered altar of Cheibriados.
  1833 | D:3      | Found a hazy altar of Hepliaklqana.
  1847 | D:3      | Noticed Scuka's ghost (amateur CeHu)
  2144 | D:3      | Found a basalt altar of Yredelemnul.
  2731 | D:3      | Gained mutation: You are surrounded by a mild repulsion field. (EV +2) [demonic ancestry]
  2731 | D:3      | Reached XP level 4. HP: 35/35 MP: 4/4
  2971 | D:3      | Slain by Scuka's ghost

Skill      XL: |  1  2 |
---------------+-------+-----
Unarmed Combat | 3 |  3.6
Dodging        | 3 |  3.3
Fighting       | |  3.5
Stealth        | |  1.7

Action                   |  1- 3 |  4- 6 || total
-------------------------+-------+-------++-------
Melee: Unarmed           |   194 |    31 ||   225
       Punch             |     1 |       ||     1
 Fire: Blowgun           |     1 |       ||     1
  Use: Scroll            |    10 |       ||    10
 Stab: Sleeping          |    18 |     1 ||    19
       Distracted        |     1 |       ||     1
  Eat: Chunk             |     6 |       ||     6
Armor: Robe              |    21 |    10 ||    31
Dodge: Dodged            |   100 |    25 ||   125
